 Dungeon Crawl Stone Soup version 0.31-a0-925-g0a390f2509 (webtiles) character file.

Game seed: 15359603408874013663

599 cowhearter the Cutter (level 7, -18/48 HPs)
             Began as an Octopode Monk on Oct 18, 2023.
             Demolished by an ogre
             ... wielding a +0 giant club
              (35 damage)
             ... on level 5 of the Dungeon.
             The game lasted 00:09:10 (3326 turns).

cowhearter the Cutter (Octopode Monk)               Turns: 3326, Time: 00:09:10

Health: -18/48     AC:  5    Str: 11    XL:     7   Next: 41%
Magic:  7/7        EV: 15    Int: 12    God:
Gold:   307        SH:  0    Dex: 19    Spells: 6/6 levels left

rFire   + . .        y - +3 dagger of Winter {freeze, +Blink rElec Dex+3}
rCold   . . .        c - orb {light}
rNeg    . . .        (helmet restricted)
rPois   .            (no amulet)
rElec   +            s - +4 ring of protection
rCorr   .            x - ring of protection from fire
SInv    .            (no ring)
Will    .....        (no ring)
Stlth   ++           (no ring)
HPRegen 0.28/turn    (no ring)
MPRegen 0.10/turn    (no ring)
                     (no ring)

%: no passive effects
@: glowing
A: almost no armour, amphibious, 8 rings, camouflage 1, gelatinous body 1,
(nimble swimmer 1), tentacles
a: Evoke Blink


You were on level 5 of the Dungeon.
You visited 1 branch of the dungeon, and saw 5 of its levels.

You collected 307 gold pieces.

Inventory:

Hand Weapons
 a - a +0 short sword
 j - a +0 lajatang
 k - a +1 rapier
 v - a +0 dagger of electrocution
 y - the +3 dagger of Winter (weapon) {freeze, +Blink rElec Dex+3}
   (You found it on level 5 of the Dungeon)

   Dex+3:     It affects your dexterity (+3).
   rElec:     It insulates you from electricity.
   +Blink:    It lets you blink.
Armour
 c - an orb of light (worn)
Jewellery
 s - a +4 ring of protection (left tentacle)
 u - a +6 ring of intelligence
 x - a ring of protection from fire (right tentacle)
Wands
 o - a wand of iceblast (9)
 q - a wand of digging (1)
Scrolls
 d - 2 scrolls of poison {unknown}
 f - a scroll of enchant armour {unknown}
 h - a scroll of blinking {unknown}
 m - a scroll of revelation {unknown}
 n - a scroll of immolation
 p - a scroll of enchant weapon
 t - 2 scrolls of identify
 z - a scroll of acquirement {unknown}
Potions
 b - a potion of ambrosia
 e - a potion of resistance {unknown}
 g - a potion of attraction {unknown}
 i - 3 potions of curing
 l - 3 potions of mutation
 r - a potion of might {unknown}
 w - a potion of heal wounds {unknown}


   Skills:
 + Level 4.2 Fighting
 * Level 6.6 Short Blades
 + Level 3.9 Dodging
 * Level 3.9 Stealth


You had 6 spell levels left.
You didn't know any spells.
Your spell library contained the following spells:

 Spells                   Type           Power      Damage    Failure   Level
 Poisonous Vapours        Pois/Air       0%         N/A       45%         2
 Call Canine Familiar     Summ           0%         N/A       69%         3
 Mephitic Cloud           Conj/Pois/Air  0%         N/A       69%         3
 Sigil of Binding         Hex            0%         N/A       69%         3
 Dimensional Bullseye     Hex/Tloc       0%         N/A       97%         4
 Leda's Liquefaction      Hex/Erth       0%         N/A       97%         4
 Freezing Cloud           Conj/Ice/Air   0%         6-21      100%        5


Dungeon Overview and Level Annotations

Branches:
Dungeon (5/15)
 Temple: D:4-7

Altars:
Trog

Shops:
D:4 *


Innate Abilities, Weirdness & Mutations

You cannot wear most types of armour.
You are amphibious.
You can wear up to eight rings at the same time.
Your skin changes colour to match your surroundings (Stealth+).
Your rubbery body absorbs attacks. (AC +1, EV +1)
((You are camouflaged when in or above water. (Stealth+)))
You have tentacles for arms and can constrict up to eight enemies at once.


Message History

The ogre is almost dead.
The ogre barely misses you.
You bump into the rock wall.
The orc wizard barely misses you.
The sleepcap releases spores at you but does no damage.
It was a potion of curing.
You feel better. The ogre misses you.
The orc wizard hits you but does no damage.
The sleepcap releases spores at you.
* * * LOW HITPOINT WARNING * * *
You are engulfed in a cloud of soporific spores!
You are unaffected.
The sleepcap attacks as it pursues you! The sleepcap closely misses you.
The sleepcap attacks as it pursues you! The sleepcap misses you.
The orc wizard attacks as it pursues you!
The orc wizard closely misses you. The sleepcap attacks as it pursues you!
The sleepcap misses you.
The orc wizard attacks as it pursues you!
The orc wizard barely misses you.
The orc wizard attacks as it pursues you!
The orc wizard hits you but does no damage.
The sleepcap attacks as it pursues you! The sleepcap misses you.
The orc wizard points at you and mumbles some strange words.
The puff of flame misses you. The sleepcap attacks as it pursues you!
The sleepcap barely misses you. The sleepcap attacks as it pursues you!
The sleepcap closely misses you. The sleepcap attacks as it pursues you!
The sleepcap closely misses you. The sleepcap attacks as it pursues you!
The sleepcap releases spores at you but does no damage.
The orc wizard casts a spell at you.
You are confused.
The orc wizard gestures wildly while chanting.
The orc wizard flickers and vanishes!
Deactivating autopickup; reactivate with Ctrl-A.
You bump into the rock wall.
The sleepcap closely misses you.
You bump into the rock wall.
The sleepcap misses you.
You bump into the rock wall.
The sleepcap releases spores at you.
You feel less confused. The ogre attacks as it pursues you!
The ogre hits you with a +0 giant club!!
Ouch! That really hurt!
You die...

#. .. #. # .# #..
#. ... .## ### #.#
#@## ##O###
#.f.####
#.o....####
#.##......####
...#####......####
....# ###........
......# ####.....
...#.## ####..


You could see an ogre, a sleepcap and an orc wizard (invisible).

Vanquished Creatures
  A water moccasin (D:5)
  A scorpion (D:4)
  2 orc priests (D:4)
  2 iguanas (D:5)
  Natasha (thrice) (D:4)
  2 orc wizards (D:4)
  Robin (D:3)
  6 adders
  A white imp (D:5)
  2 ufetubi (D:5)
  3 worms
  2 dart slugs (D:3)
  15 orcs
  7 bats
  5 endoplasms
  A giant cockroach (D:4)
  11 goblins
  12 hobgoblins
  9 jackals
  2 quokkas
  9 ball pythons
  2 frilled lizards
  4 kobolds
  5 rats
  A spectral hobgoblin (D:3)
109 creatures vanquished.

Notes
Turn   | Place    | Note
-------+----------+-------------------------------------------
     0 | D:1      | cowhearter the Octopode Monk began the quest for the Orb.
     0 | D:1      | Reached XP level 1. HP: 16/16 MP: 1/1
   170 | D:1      | Reached XP level 2. HP: 18/21 MP: 2/2
   251 | D:1      | Reached skill level 1 in Stealth
   553 | D:2      | Reached XP level 3. HP: 26/26 MP: 3/3
   795 | D:2      | Reached XP level 4. HP: 26/31 MP: 4/4
   961 | D:2      | Reached skill level 4 in Short Blades
  1074 | D:3      | Found a bloodstained altar of Trog.
  1387 | D:3      | Found a faded altar of an unknown god.
  1479 | D:3      | Noticed Robin
  1606 | D:3      | Reached XP level 5. HP: 26/34 MP: 5/5
  1610 | D:3      | Killed Robin
  1981 | D:4      | Noticed Natasha
  1990 | D:4      | Killed Natasha
  2179 | D:4      | Found Lideomut's Assorted Antiques.
  2221 | D:4      | Reached skill level 5 in Short Blades
  2221 | D:4      | Reached XP level 6. HP: 36/43 MP: 6/6
  2262 | D:4      | Noticed Natasha
  2272 | D:4      | Killed Natasha
  2410 | D:4      | Noticed Natasha
  2418 | D:4      | Killed Natasha
  2705 | D:4      | Reached skill level 6 in Short Blades
  2753 | D:4      | Identified the +2 leather armour of the Endless Expanse
                  | {rC- rN++ Str-3 Int+9}
  2837 | D:5      | Entered Level 5 of the Dungeon
  2837 | D:5      | Noticed a water moccasin
  2840 | D:5      | Reached XP level 7. HP: 48/48 MP: 7/7
  3000 | D:5      | Identified the +3 dagger of Winter {freeze, +Blink rElec
                  | Dex+3}
  3326 | D:5      | Demolished by an ogre

Illustrated notes

Levels and vault maps discovered:
D:1:      tarquinn_simple_flora_water_c, layout_rooms, minmay_ruptured
D:2:      layout_rooms
D:3:      layout_basic, mainiacjoe_overflow_concentric_impassable,
          dreamdust_ecumenical_altar_drowned_temple, kennysheep_small_spiral,
          serial_bayou_pond_d, minmay_hedge_maze, kennysheep_generic_room_11,
          uniq_robin
D:4:      layout_cave_pools, serial_shops, shop, serial_column_ruins,
          column_ruins_square_small, column_ruins_hut_pillars,
          column_ruins_open_tiny, column_ruins_grid_1, column_ruins_open_small,
          uniq_natasha
D:5:      layout_cave_pods, mainiacjoe_overflow_catwalk

Skill      XL: |  1  2  3  4  5  6 |
---------------+-------------------+-----
Stealth        | 1 2 3 |  3.9
Short Blades   | 4 5 6 |  6.6
Fighting       | 4 |  4.2
Dodging        | |  3.9

Action                     |  1- 3 |  4- 6 |  7- 9 || total
---------------------------+-------+-------+-------++-------
  Melee: Short sword       |    68 |       |       ||    68
         Constrict         |    26 |    35 |    10 ||    71
         Tentacles         |    20 |    31 |    10 ||    61
         Punch             |     2 |     1 |       ||     3
         Rapier            |     6 |   121 |     6 ||   133
         Dagger            |       |       |    28 ||    28
    Use: Scroll            |       |     4 |       ||     4
         Potion            |       |       |     1 ||     1
   Stab: Sleeping          |     1 |     2 |       ||     3
 Armour: Skin              |    24 |    62 |    29 ||   115
  Dodge: Dodged            |    39 |    62 |    36 ||   137

Table legend: (Time is in decaauts)
 A = Elapsed time spent in this place.
 B = Non-inter-level travel time spent in this place.
 C = Inter-level travel time spent in this place.
 D = Time resting spent in this place.
 E = Time spent auto-exploring this place.
 F = Levels seen in this place.
 G = Mean time per level.
                   A        B        C        D        E       F      G
               +--------+--------+--------+--------+--------+-----+--------+
         Total |   3305 |   3291 |     14 |    539 |   1967 |   5 |  661.0 |
       Dungeon |   3305 |   3291 |     14 |    539 |   1967 |   5 |  661.0 |
               +--------+--------+--------+--------+--------+-----+--------+

Top non-repeatable levels by time:
     D:3: 914 daAuts
     D:4: 874 daAuts
     D:1: 530 daAuts
     D:2: 506 daAuts
     D:5: 478 daAuts
